AoeStats
← LaisTakara

MegaRandom

509874350Analyzed
2v2 RM · 5d ago on Sep 28, 2026· 107m 30s· 4 players
Game mode
Random Map
Map size
Medium (4 player)
Population
200
Speed
Normal
Resources
Standard
Victory
Conquest
Starting age
Dark Age
Ending age
Imperial Age
RankedLock teamsTeams togetherTeam positionsShared explorationLock speedFull tech treeHidden civsTurbo modeCheats
Victory
Defeat
🇭🇰 Britons · Hong Kong SAR China
706
+9
🇭🇰 Burgundians · Hong Kong SAR China
614
+12
🇺🇸 Turks · United States
600
-13
🇵🇹 Huns · Portugal
465
-8
The Messiaw
9:41 Feudal Age
10:57 Wheelbarrow
10:05 Horse Collar
10:12 Double-Bit Axe
13:26 Town Watch
13:27 Loom
13:55 Gold Mining
15:24 Stone Mining
20:24 Fishing Lines
24:14 Man-at-Arms
24:39 Arson
27:56 Castle Age
28:50 Long Swordsman
31:09 Hand Cart
30:55 Town Patrol
31:35 Squires
38:31 Imperial Age
38:18 Caravan
38:48 Coinage
44:53 Heavy Plow
46:45 Cavalier
48:42 Bloodlines
48:47 Scale Barding Armor
51:09 Two-Handed Swordsman
51:58 Elite Janissary
55:50 Coinage
71:37 Guilds
71:58 Banking
74:38 Champion
94:59 Elite Cannon Galleon
LaisTakara
7:44 Loom
12:24 Feudal Age
18:23 Bloodlines
24:19 Castle Age
22:29 Double-Bit Axe
24:46 Padded Archer Armor
24:37 Fletching
24:53 Scale Barding Armor
25:00 Forging
27:08 Light Cavalry
28:07 Bow Saw
29:04 Stone Mining
30:10 Wheelbarrow
30:19 Scale Mail Armor
30:32 Town Watch
31:49 Husbandry
31:50 Gold Mining
32:09 Murder Holes
32:38 Ballistics
33:25 Gold Shaft Mining
33:54 Leather Archer Armor
33:15 Crossbowman
34:11 Caravan
34:36 Squires
35:27 Chain Barding Armor
36:03 Hand Cart
36:02 Bodkin Arrow
37:56 Masonry
38:21 Thumb Ring
37:39 Pikeman
38:05 Arson
37:42 Man-at-Arms
40:01 Town Patrol
42:49 Imperial Age
41:34 Fishing Lines
43:03 Horse Collar
43:38 Fervor
43:46 Guilds
44:42 Chemistry
44:20 Iron Casting
43:46 Bracer
44:23 Plate Barding Armor
45:21 Cavalier
45:22 Hussar
49:02 Two-Man Saw
47:37 Elite Tarkan
48:18 Marauders
48:40 Conscription
47:53 Sappers
48:42 Heavy Plow
50:18 Paladin
53:30 Careening
53:30 Clinker Construction
54:24 Blast Furnace
53:40 Chain Mail Armor
53:43 Capped Ram
53:51 Halberdier
53:52 Long Swordsman
55:36 Gillnets
55:57 Medium Warships
55:08 Demolition Ship
60:26 Siege Ram
62:25 Heavy Cavalry Archer
63:32 Parthian Tactics
80:38 Carvel Hull
80:41 Dry Dock
RedMender4698
2:01 Wheelbarrow
1:13 Loom
11:09 Feudal Age
9:41 Double-Bit Axe
12:23 Hand Cart
13:27 Bow Saw
14:01 Gold Mining
14:39 Horse Collar
15:27 Heavy Plow
22:56 Castle Age
24:49 Two-Man Saw
26:08 Pikeman
29:19 Crop Rotation
29:29 Stone Mining
31:22 Forging
31:12 Scale Mail Armor
31:19 Scale Barding Armor
34:30 Stone Shaft Mining
34:31 Gold Shaft Mining
37:21 Masonry
37:20 Murder Holes
37:47 Ballistics
37:46 Fletching
38:14 Chain Mail Armor
38:34 Iron Casting
44:32 Squires
50:09 Imperial Age
50:31 Halberdier
57:16 Blast Furnace
56:46 Plate Mail Armor
62:10 Guilds
62:01 Caravan
63:34 Elite Coustillier
65:50 Sappers
101:37 Coinage
QuiteSze lok
9:22 Feudal Age
9:57 Double-Bit Axe
9:55 Horse Collar
10:52 Wheelbarrow
20:50 Castle Age
18:50 Stone Mining
18:52 Gold Mining
21:14 Forging
21:10 Scale Barding Armor
25:37 Gold Shaft Mining
31:21 Imperial Age
30:59 Bow Saw
30:50 Heavy Plow
33:01 Conscription
34:03 Fletching
35:21 Bodkin Arrow
36:46 Two-Man Saw
37:40 Padded Archer Armor
39:59 Yeomen
39:12 Pikeman
39:52 Squires
41:21 Elite Longbowman
41:45 Cavalier
44:55 Bracer
45:30 Iron Casting
45:16 Chain Barding Armor
45:26 Leather Archer Armor
45:15 Husbandry
45:43 Hand Cart
46:53 Halberdier
49:50 Elite Longbowman
52:32 Elite Longbowman
54:37 Warwolf
55:30 Ring Archer Armor
56:01 Blast Furnace
55:36 Plate Barding Armor
57:08 Chemistry
59:14 Caravan
59:24 Guilds
59:45 Ballistics
59:20 Murder Holes
59:06 Treadmill Crane
62:10 Scale Mail Armor
73:04 Fortified Wall
72:39 Arrowslits
73:05 Masonry
73:01 Siege Engineers
73:31 Chain Mail Armor
72:39 Light Cavalry
82:15 Architecture
87:30 Cranequins
87:30 Heavy Mounted Crossbowman
88:49 Plate Mail Armor
Connection lost

Rejoining the realm…

Still unreachable

The connection could not be restored.

Session expired

The server has moved on; the page needs a fresh start.